 Dungeon Crawl Stone Soup version 0.22-a0-422-g9628fc8 (webtiles) character file.

60 Mgcat the Digger (level 4, -3/33 HPs)
             Began as a Ghoul Earth Elementalist on May 20, 2018.
             Slain by Robin
             ... wielding a +5 vampiric dagger
              (5 damage)
             ... on level 2 of the Dungeon.
             The game lasted 00:04:50 (2088 turns).

Mgcat the Digger (Ghoul Earth Elementalist)         Turns: 2088, Time: 00:04:51

Health: -3/33      AC:  5    Str: 11    XL:     4   Next: 4%
Magic:  0/6        EV: 11    Int: 16    God:
Gold:   46         SH:  0    Dex:  9    Spells: 3/7 levels left

rFire    . . .     SeeInvis .   a - +0 dagger
rCold    + . .     Gourm    .   (no shield)
rNeg     + + +     Faith    .   n - +0 leather armour
rPois    ∞         Spirit   .   l - +2 hat
rElec    .         Reflect  .   (no cloak)
rCorr    .         Harm     .   (no gloves)
MR       .....                  (no boots)
Stlth    ++........             (no amulet)
HPRegen  0.00/turn              i - ring of wizardry {Wiz+, !d}
MPRegen  0.10/turn              (no ring)

@: brilliant, rotting
A: rotting body, claws 1, carnivore, cold resistance 1, negative energy
resistance 3, inhibited regeneration, torment resistance, unbreathing
a: no special abilities


You were on level 2 of the Dungeon.
You were not hungry.

You visited 1 branch of the dungeon, and saw 2 of its levels.

You collected 46 gold pieces.

Inventory:

Hand Weapons
 a - a +0 dagger (weapon)
   (You found it on level 1 of the Dungeon)
Missiles
 b - 41 stones (quivered)
Armour
 c - a +0 robe
 l - a +2 hat (worn)
   (You found it on level 2 of the Dungeon)
 m - a +0 ring mail
   (You found it on level 2 of the Dungeon)
 n - a +0 leather armour (worn)
   (You found it on level 2 of the Dungeon)
Jewellery
 i - a ring of wizardry (left claw) {Wiz+, !d}
   (You found it on level 1 of the Dungeon)
Scrolls
 e - a scroll of immolation {unknown}
 f - 4 scrolls of identify {unknown}
Comestibles
 d - 2 rations
 g - 3 chunks of flesh {@w0}


   Skills:
 - Level 1.7 Dodging
 + Level 3.2 Stealth
 + Level 2.4 Spellcasting
 + Level 0.6 Conjurations
   Level 0.8 Transmutations
 + Level 4.0 Earth Magic


You had 3 spell levels left.
You knew the following spells:

 Your Spells              Type           Power        Failure   Level  Hunger
a - Sandblast             Erth           ###...       1%          1    #......
b - Stone Arrow           Conj/Erth      ###...       3%          3    ###....

Your spell library contained the following spells:

 Spells                   Type           Power        Failure   Level  Hunger
 Passwall                 Tmut/Erth      ###.......   1%          2    ###....
 Lee's Rapid Deconstruct  Erth           ###.......   14%         5    ######.
 Petrify                  Tmut/Erth      ###.....     11%         4    #####..


Dungeon Overview and Level Annotations

Branches:
Dungeon (2/15)

Altars:
Kikubaaqudgha

Annotations:
D:2 Robin


Innate Abilities, Weirdness & Mutations

Your body is rotting away.
You thrive on raw meat.
You are immune to poison.
You have sharp fingernails.
You are carnivorous and can eat meat at any time.
Your flesh is cold resistant. (rC+)
You are immune to negative energy. (rN+++)
You do not regenerate when monsters are visible.
You are immune to unholy pain and torment.
You can survive without breathing.


Message History

You hit the goblin.
You kill the goblin!
You have reached level 4!
The rat closely misses you. The goblin hits you but does no damage.
You closely miss the goblin.
The goblin no longer looks unusually strong.
The rat bites you but does no damage. The goblin closely misses you.
You closely miss the goblin. The rat closely misses you.
The goblin hits you but does no damage. x2
Casting: Sandblast (safe; 2% risk of failure)
Confirm with . or Enter, or press ? or * to list all spells.
Aiming: Sandblast (safe; 2% risk of failure)
Press: ? - help, Shift-Dir - straight line, f - goblin
Aim: a goblin, wielding a club The blast of sand hits the goblin.
You kill the goblin!
b - 47 stones The rat bites you but does no damage.
The goblin hits you with a dagger. Robin closely misses you.
Casting: Sandblast (safe; 2% risk of failure)
Confirm with . or Enter, or press ? or * to list all spells.
Aiming: Sandblast (safe; 2% risk of failure)
Press: ? - help, Shift-Dir - straight line, f - goblin
Aim: a goblin, wielding a dagger The blast of sand hits the goblin.
You kill the goblin!
b - 46 stones The rat bites you but does no damage.
Robin hits you but does no damage.
Casting: Sandblast (safe; 2% risk of failure)
Confirm with . or Enter, or press ? or * to list all spells.
Aiming: Sandblast (safe; 2% risk of failure)
Press: ? - help, Shift-Dir - straight line, f - Robin
Aim: Robin, wielding a vampiric dagger, wearing an animal skin and wearing a helmet The blast of sand hits Robin.
Robin is lightly wounded.
b - 45 stones The rat closely misses you.
Robin hits you but does no damage.
Casting: Sandblast (safe; 2% risk of failure)
Confirm with . or Enter, or press ? or * to list all spells.
Aiming: Sandblast (safe; 2% risk of failure)
Press: ? - help, Shift-Dir - straight line, f/p - Robin
Aim: Robin, wielding a vampiric dagger, wearing an animal skin and wearing a helmet (lightly wounded)
The blast of sand hits Robin.
Robin is moderately wounded.
b - 44 stones The rat barely misses you.
Robin hits you with a vampiric dagger.
Casting: Sandblast (safe; 2% risk of failure)
Confirm with . or Enter, or press ? or * to list all spells.
Aiming: Sandblast (safe; 2% risk of failure)
Press: ? - help, Shift-Dir - straight line, f/p - Robin
Aim: Robin, wielding a vampiric dagger, wearing an animal skin and wearing a helmet (moderately wounded)
The blast of sand hits Robin.
Robin is heavily wounded.
b - 43 stones The rat closely misses you.
Robin hits you with a vampiric dagger.
Casting: Sandblast (safe; 2% risk of failure)
Confirm with . or Enter, or press ? or * to list all spells.
Aiming: Sandblast (safe; 2% risk of failure)
Press: ? - help, Shift-Dir - straight line, f/p - Robin
Aim: Robin, wielding a vampiric dagger, wearing an animal skin and wearing a helmet (heavily wounded)
The blast of sand misses Robin.
b - 42 stones The rat closely misses you.
Robin hits you with a vampiric dagger.
You hit Robin but do no damage.
Robin is heavily wounded.
The rat bites you but does no damage. Robin hits you with a vampiric dagger.
You hit Robin but do no damage.
Robin is heavily wounded.
The rat barely misses you. Robin hits you with a vampiric dagger.
* * * LOW HITPOINT WARNING * * *
You hit Robin.
Robin is heavily wounded.
The rat bites you but does no damage. Robin barely misses you.
You barely miss Robin.
Robin is heavily wounded.
The rat bites you but does no damage. Robin hits you with a vampiric dagger.
* * * LOW HITPOINT WARNING * * *
Casting: Sandblast (safe; 2% risk of failure)
Confirm with . or Enter, or press ? or * to list all spells.
Aiming: Sandblast (safe; 2% risk of failure)
Press: ? - help, Shift-Dir - straight line, f/p - Robin
Aim: Robin, wielding a vampiric dagger, wearing an animal skin and wearing a helmet (heavily wounded)
The blast of sand hits Robin.
Robin is severely wounded.
b - 41 stones The rat misses you.
Robin barely misses you.
You barely miss Robin.
Robin is severely wounded.
The rat bites you but does no damage. Robin barely misses you.
It was a potion of brilliance.
You feel clever all of a sudden. The rat bites you but does no damage.
Robin hits you but does no damage.
You hit Robin.
Robin is almost dead.
The rat barely misses you. Robin hits you with a vampiric dagger.
* * * LOW HITPOINT WARNING * * *
You hit Robin but do no damage.
Robin is almost dead.
The rat bites you but does no damage. Robin hits you with a vampiric dagger.
You die...

#. .## #. ...#
##.######..#### ##
#.............#...
#.............#.#
#...............##.
#...............>..
#..)gr............
#..)@####.......#....
###### ##.##.#.....g
#.g..# ..# ##.g##
#.g. #).# ##.##
#..####g.##
###..##gg..##
#....##.##)#.
..#.##.##)##.#.


You could see Robin and a rat.

Vanquished Creatures
  An adder (D:2)
  4 leopard geckos
  2 giant cockroaches
  13 goblins
  5 hobgoblins (D:1)
  2 jackals (D:1)
  6 bats (D:1)
  4 frilled lizards
  2 kobolds (D:1)
  3 rats
42 creatures vanquished.

Notes
Turn   | Place    | Note
-------+----------+-------------------------------------------
     0 | D:1      | Mgcat the Ghoul Earth Elementalist began the quest for the Orb.
     0 | D:1      | Reached XP level 1. HP: 14/14 MP: 2/2
   346 | D:1      | Reached skill level 2 in Spellcasting
   346 | D:1      | Reached XP level 2. HP: 12/20 MP: 2/4
   487 | D:1      | HP: 3/20 [hobgoblin/club (3)]
  1254 | D:1      | Reached XP level 3. HP: 10/25 MP: 3/5
  1258 | D:1      | HP: 4/25 [hobgoblin/club (6)]
  1422 | D:1      | Learned a level 3 spell: Stone Arrow
  1607 | D:1      | Reached skill level 3 in Stealth
  1651 | D:2      | Found an ancient bone altar of Kikubaaqudgha.
  2040 | D:2      | Noticed Robin
  2055 | D:2      | Reached skill level 4 in Earth Magic
  2061 | D:2      | HP: 5/26 [goblin/enchanted dagger[Robin] (4)]
  2067 | D:2      | HP: 3/26 [rat (2)]
  2071 | D:2      | Reached XP level 4. HP: 30/33 MP: 6/6
  2083 | D:2      | HP: 7/33 [Robin/vampiric dagger (2)]
  2087 | D:2      | HP: 2/33 [Robin/vampiric dagger (5)]
  2088 | D:2      | Slain by Robin

Vault maps used:
D:1:      matt_arrival_los_fun, minmay_crystal_water
D:2:      overflow_temple_1_default, minitemple, uniq_robin

Skill      XL: |  1  2  3 |
---------------+----------+-----
Spellcasting   | 2 |  2.4
Stealth        | 3 |  3.2
Earth Magic    | 4 |  4.0
Dodging        | |  1.7
Conjurations   | |  0.6
Transmutations | |  0.8

Action                   |  1- 3 |  4- 6 || total
-------------------------+-------+-------++-------
Melee: Unarmed           |    46 |       ||    46
       Dagger            |   128 |     9 ||   137
 Cast: Sandblast         |    14 |     7 ||    21
       Stone Arrow       |     2 |       ||     2
  Use: Potion            |     2 |     1 ||     3
 Stab: Sleeping          |     4 |       ||     4
  Eat: Chunk             |     5 |       ||     5
Armor: Robe              |    27 |       ||    27
       Leather armour    |    19 |    12 ||    31
       Ring mail         |     2 |       ||     2
Dodge: Dodged            |   125 |    14 ||   139

Table legend:
 A = Spawn XP
 B = Non-spawn XP
 C = Spawn XP percentage of total XP
 D = Spawn monster count
 E = Non-spawn monster count
 F = Spawn count percentage of total count
 G = Total turns spent on level
                    A         B        C        D         E        F      G
               +---------+---------+-------+---------+---------+-------+---------
         Total |       0 |      86 |   0.0 |       0 |      42 |   0.0 |  2088
               +---------+---------+-------+---------+---------+-------+---------
           D:1 |       0 |      42 |   0.0 |       0 |      25 |   0.0 |  1651
           D:2 |       0 |      44 |   0.0 |       0 |      17 |   0.0 |   437
               +---------+---------+-------+---------+---------+-------+---------

Vault maps used:
D:1:      matt_arrival_los_fun, minmay_crystal_water
D:2:      overflow_temple_1_default, minitemple, uniq_robin

Table legend:
 A = Turns spent in this place as a percentage of turns spent in the entire game.
 B = Non-inter-level travel turns spent in this place as a percentage of non-inter-level travel turns spent in the entire game.
 C = Inter-level travel turns spent in this place as a percentage of turns spent in this place.
 D = Turns resting spent in this place as a percentage of non-inter-level travel turns spent in this place.
 E = Turns spent auto-exploring this place as a percentage of non-inter-level travel turns spent in this place.
 F = Non-inter-level travel turns spent in this place divided by the number of levels of this place that you've seen.
                   A       B       C       D       E      F
               +-------+-------+-------+-------+-------+----------------------
         Total | 100.0 | 100.0 |   1.0 |   0.0 |  77.8 | 1034.0
       Dungeon | 100.0 | 100.0 |   1.0 |   0.0 |  77.8 | 1034.0
               +-------+-------+-------+-------+-------+----------------------

Table legend:
 A = Kills in this place as a percentage of kills in entire the game.
 B = Kills by you in this place as a percentage of kills by you in the entire game.
 C = Kills by friends in this place as a percentage of kills by friends in the entire game.
 D = Other kills in this place as a percentage of other kills in the entire game.
 E = Experience gained in this place as a percentage of experience gained in the entire game.
 F = Experience gained in this place divided by the number of levels of this place that you have seen.
                   A       B       C       D       E      F
               +-------+-------+-------+-------+-------+----------------------
         Total | 100.0 | 100.0 |   N/A |   N/A | 100.0 |  43.0
       Dungeon | 100.0 | 100.0 |   N/A |   N/A | 100.0 |  43.0
               +-------+-------+-------+-------+-------+----------------------
